AoeStats
← RAVANAN

Arena

510281132Analyzed
2v2 RM · 3d ago on Sep 30, 2026· 60m 3s· 4 players
Game mode
Random Map
Map size
Medium (4 player)
Population
200
Speed
Normal
Resources
Standard
Victory
Conquest
Starting age
Dark Age
Ending age
Imperial Age
RankedLock teamsTeams togetherTeam positionsShared explorationLock speedFull tech treeHidden civsTurbo modeCheats
Victory
Defeat
🇮🇳 Bohemians · India
795
+14
🇬🇧 Persians · United Kingdom
703
+17
🇦🇺 Italians · Australia
1000
-95
🇦🇺 Portuguese · Australia
472
-6
gaz1657
9:50 Feudal Age
10:40 Horse Collar
10:51 Double-Bit Axe
16:56 Gold Mining
16:58 Stone Mining
19:39 Castle Age
20:57 Bow Saw
20:37 Crossbowman
22:17 Padded Archer Armor
24:07 Fletching
24:33 Leather Archer Armor
24:29 Forging
27:01 Thumb Ring
29:41 Wheelbarrow
34:54 Imperial Age
35:05 Arbalester
36:22 Ring Archer Armor
35:49 Bodkin Arrow
36:30 Iron Casting
36:23 Hand Cart
38:07 Ballistics
38:48 Chemistry
38:32 Bracer
41:33 Two-Man Saw
40:36 Heavy Plow
47:55 Cavalier
48:35 Husbandry
48:09 Pikeman
49:55 Elite Organ Gun
Iwwan
11:48 Feudal Age
13:07 Double-Bit Axe
14:41 Wheelbarrow
16:59 Horse Collar
21:14 Gold Mining
24:44 Castle Age
24:09 Scale Mail Armor
26:29 Bow Saw
26:42 Hand Cart
25:51 Pikeman
27:59 Stone Mining
28:56 Crossbowman
31:42 Chain Mail Armor
31:28 Padded Archer Armor
31:22 Fletching
35:41 Imperial Age
34:10 Stone Shaft Mining
37:32 Two-Man Saw
38:24 Plate Mail Armor
37:59 Scale Barding Armor
38:05 Forging
37:50 Bodkin Arrow
38:11 Leather Archer Armor
39:37 Arbalester
40:26 Thumb Ring
44:50 Chemistry
44:10 Ballistics
46:05 Onager
RAVANAN
0:41 Loom
14:23 Feudal Age
16:26 Wheelbarrow
15:37 Town Watch
18:05 Double-Bit Axe
18:08 Horse Collar
20:45 Castle Age
19:09 Forging
18:59 Scale Mail Armor
23:05 Hand Cart
24:36 Heavy Plow
24:50 Bow Saw
27:11 Town Patrol
30:38 Chemistry
32:41 Imperial Age
33:10 Wagenburg Tactics
34:34 Conscription
34:29 Elite Hussite Wagon
35:46 Houfnice
39:46 Fletching
39:57 Padded Archer Armor
41:36 Bodkin Arrow
41:56 Leather Archer Armor
42:30 Ballistics
54:20 Cavalier
55:00 Husbandry
56:47 Bracer
Delacoal
12:37 Feudal Age
Connection lost

Rejoining the realm…

Still unreachable

The connection could not be restored.

Session expired

The server has moved on; the page needs a fresh start.